 Dungeon Crawl Stone Soup version 0.23-a0-808-gd21de94 (webtiles) character file.

5310 Lanoc the Blocker (level 10, -8/82 HPs)
             Began as a Gnoll Fighter on Jan 20, 2019.
             Was a Priest of Cheibriados.
             Mangled by a two-headed ogre
             ... wielding a +0 giant spiked club
              (29 damage)
             ... on level 10 of the Dungeon.
             The game lasted 00:23:20 (7071 turns).

Lanoc the Blocker (Gnoll Fighter)                   Turns: 7071, Time: 00:23:21

Health: -8/82      AC: 13    Str: 29    XL:     10   Next: 64%
Magic:  18/18      EV: 13    Int: 16    God:    Cheibriados [***...]
Gold:   536        SH: 13    Dex: 20    Spells: 19/19 levels left

rFire    . . .     SeeInvis +   A - +2 flail (protect)
rCold    + . .     Gourm    .   c - +0 shield
rNeg     . . .     Faith    .   C - +0 ring mail "Nazxuargh" {rC+} (curse)
rPois    .         Spirit   .   (no helmet)
rElec    .         Reflect  .   (no cloak)
rCorr    .         Harm     .   (no gloves)
MR       .....                  (no boots)
Stlth    +++.......             (no amulet)
HPRegen  0.23/turn              d - ring of see invisible
MPRegen  0.16/turn              J - +5 ring of slaying

@: protection aura, drained, very slow
A: distributed training, fangs 1, strong nose
a: Bend Time, Temporal Distortion, Renounce Religion


You were on level 10 of the Dungeon.
You worshipped Cheibriados.
Cheibriados was most pleased with you.
You were hungry.

You visited 2 branches of the dungeon, and saw 11 of its levels.

You collected 536 gold pieces.

Inventory:

Hand Weapons
 A - a +2 flail of protection (weapon)
 H - a +4 scimitar
 I - a +2 whip of holy wrath
Missiles
 m - 32 bolts
 q - 162 arrows
 x - 80 sling bullets
Armour
 c - a +0 shield (worn)
 C - the cursed +0 ring mail "Nazxuargh" (worn) {rC+}
   (You found it on level 5 of the Dungeon)

   It protects you from cold.
   It has a curse placed upon it.
Jewellery
 d - a ring of see invisible (left hand)
 s - a +2 ring of dexterity
 J - a +5 ring of slaying (right hand)
Wands
 z - a wand of paralysis (6)
 E - a wand of random effects (9)
Scrolls
 b - 2 scrolls of random uselessness {unknown}
 e - 4 scrolls of enchant weapon {unknown}
 h - 4 scrolls of remove curse {unknown}
 o - 2 scrolls of amnesia {unknown}
 p - a scroll of blinking {unknown}
 r - 6 scrolls of identify {unknown}
 t - 2 scrolls of teleportation {unknown}
 u - a scroll of fear {unknown}
 y - a scroll of immolation {unknown}
 B - a scroll of enchant armour {unknown}
Potions
 a - 2 potions of cancellation {unknown}
 g - 2 potions of ambrosia {unknown}
 i - 4 potions of curing
 j - a potion of degeneration {unknown}
 k - 2 potions of heal wounds {unknown}
 l - 2 potions of berserk rage {unknown}
 n - a potion of brilliance {unknown}
 v - a potion of lignification {unknown}
 w - 3 potions of agility {unknown}
 D - 2 potions of haste {unknown}
 F - a potion of flight {unknown}
 G - 2 potions of mutation {unknown}
Comestibles
 f - 20 rations


   Skills:
 + Level 8.5(8.1) Fighting
 + Level 5.3(4.9) Short Blades
 + Level 7.1(6.7) Long Blades
 + Level 5.3(4.9) Axes
 + Level 5.3(4.9) Maces & Flails
 + Level 5.3(4.9) Polearms
 + Level 5.3(4.9) Staves
 + Level 5.3(4.9) Slings
 + Level 5.3(4.9) Bows
 + Level 5.3(4.9) Crossbows
 + Level 5.3(4.9) Throwing
 + Level 8.5(8.1) Armour
 + Level 5.3(4.9) Dodging
 + Level 5.3(4.9) Stealth
 + Level 8.5(8.1) Shields
 + Level 5.3(4.9) Unarmed Combat
 + Level 5.3(4.9) Spellcasting
 + Level 4.4(4.0) Conjurations
 + Level 4.4(4.0) Hexes
 + Level 4.4(4.0) Charms
 + Level 4.4(4.0) Summonings
 + Level 4.4(4.0) Necromancy
 + Level 4.4(4.0) Translocations
 + Level 4.4(4.0) Transmutations
 + Level 4.4(4.0) Fire Magic
 + Level 4.4(4.0) Ice Magic
 + Level 4.4(4.0) Air Magic
 + Level 4.4(4.0) Earth Magic
 + Level 4.4(4.0) Poison Magic
 + Level 5.9(5.5) Invocations
 + Level 5.3(4.9) Evocations


You had 19 spell levels left.
You didn't know any spells.
Your spell library contained the following spells:

 Spells                   Type           Power        Failure   Level  Hunger
 Animate Skeleton         Necr           N/A          10%         1    None
 Confusing Touch          Hex            ###...       10%         1    None
 Freeze                   Ice            ###.         10%         1    None
 Pain                     Necr           ###.         10%         1    None
 Throw Frost              Conj/Ice       ###...       14%         2    ##.....
 Confuse                  Hex            ###.....     28%         3    ###....
 Gell's Gravitas          Tloc           ###.......   28%         3    ###....
 Ozocubu's Armour         Chrm/Ice       ###.....     28%         3    ###....
 Regeneration             Chrm/Necr      ###.......   28%         3    ###....
 Vampiric Draining        Necr           ###.......   28%         3    ###....
 Animate Dead             Necr           N/A          67%         4    ####...
 Petrify                  Tmut/Erth      ###.....     67%         4    ####...
 Summon Ice Beast         Ice/Summ       ###.....     67%         4    ####...
 Throw Icicle             Conj/Ice       ###.....     67%         4    ####...
 Metabolic Englaciation   Hex/Ice        ###.......   95%         5    ######.
 Yara's Violent Unravell  Hex/Tmut       ###.......   95%         5    ######.


Dungeon Overview and Level Annotations

Branches:
Dungeon (9/15)             Temple (1/1) D:7
   Lair: D:8-11         Orc: D:9-12

Altars:
Ashenzari
Cheibriados
Dithmenos
Elyvilon
Fedhas
Gozag
Hepliaklqana
Kikubaaqudgha
Makhleb
Nemelex Xobeh
Okawaru
Qazlal
Ru
Sif Muna
Trog
Uskayaw
Vehumet
Wu Jian
Xom
Yredelemnul
Zin
The Shining One

Shops:
D:4 [   D:10 =

Annotations:
D:8 exclusion: ice statue


Innate Abilities, Weirdness & Mutations

Your experience applies equally to all skills.
You have very sharp teeth.
Your uncanny sense of smell can sniff out nearby items.


Message History

The two-headed ogre hits you with a +1 dire flail of protection!!
You hit the two-headed ogre.
The two-headed ogre is heavily wounded.
You block the two-headed ogre's attack. x2
You sock the two-headed ogre!
The two-headed ogre is severely wounded.
The two-headed ogre closely misses you.
The two-headed ogre hits you with a +1 dire flail of protection.
You hit the two-headed ogre. Your bite misses the two-headed ogre.
The two-headed ogre is severely wounded.
The two-headed ogre hits you with a +0 giant spiked club!!
* * * LOW HITPOINT WARNING * * *
The two-headed ogre hits you with a +1 dire flail of protection.
* * * LOW HITPOINT WARNING * * *
You feel better. You block the two-headed ogre's attack.
The two-headed ogre hits you with a +1 dire flail of protection.
* * * LOW HITPOINT WARNING * * *
You feel better.
The two-headed ogre hits you with a +0 giant spiked club!!
You die...

########################
........................
#..........##...####..
#....@#....##...# #..
......O.#.........####..
........#...............
........................
........................
.###############'#####8#
#...##....##..
#...##....8.∩.
#...##....##..


You could see a two-headed ogre.

Vanquished Creatures
  Pikel (D:6)
  Joseph (D:7)
  3 hippogriffs (D:7)
  Sigmund (D:3)
  A spriggan (D:7)
  A wyvern (D:8)
  2 hungry ghosts (D:8)
  2 ice beasts
  An orc warrior (D:9)
  A necrophage (D:10)
  4 ogres
  3 centaurs
  2 phantoms
  A crocodile (D:7)
  A big kobold (D:8)
  5 bullfrogs
  4 scorpions
  4 wights (D:10)
  3 howler monkeys (D:7)
  2 electric eels (D:6)
  2 crimson imps
  2 jellies
  3 centaur zombies
  A quasit (D:8)
  A bullfrog zombie (D:7)
  2 orc priests (D:9)
  5 hounds
  3 centaur skeletons
  5 iguanas
  3 worker ants
  4 orc wizards
  2 hound skeletons (D:8)
  A worker ant zombie (D:8)
  3 gnolls (D:5)
  7 adders
  A howler monkey skeleton (D:4)
  A shadow imp (D:7)
  2 oozes
  4 worms
  12 dart slugs
  12 leopard geckos
  13 orcs
  9 giant cockroaches
  9 goblins
  4 hobgoblins
  10 jackals
  4 quokkas
  13 bats
  2 frilled lizards
  11 kobolds
  3 quokka skeletons
  13 rats
210 creatures vanquished.

Vanquished Creatures (others)
  A dart slug (D:6)
1 creature vanquished.

Grand Total: 211 creatures vanquished

Notes
Turn   | Place    | Note
-------+----------+-------------------------------------------
     0 | D:1      | Lanoc the Gnoll Fighter began the quest for the Orb.
     0 | D:1      | Reached XP level 1. HP: 23/23 MP: 1/1
    93 | D:1      | Reached XP level 2. HP: 29/29 MP: 2/2
   286 | D:1      | Reached XP level 3. HP: 35/35 MP: 3/3
   552 | D:2      | Reached skill level 1 in Invocations
   599 | D:2      | Reached skill level 1 in Short Blades
   599 | D:2      | Reached skill level 1 in Axes
   599 | D:2      | Reached skill level 1 in Maces & Flails
   599 | D:2      | Reached skill level 1 in Polearms
   599 | D:2      | Reached skill level 1 in Staves
   599 | D:2      | Reached skill level 1 in Slings
   599 | D:2      | Reached skill level 1 in Bows
   599 | D:2      | Reached skill level 1 in Crossbows
   599 | D:2      | Reached skill level 1 in Throwing
   599 | D:2      | Reached skill level 1 in Dodging
   599 | D:2      | Reached skill level 1 in Stealth
   599 | D:2      | Reached skill level 1 in Unarmed Combat
   599 | D:2      | Reached skill level 1 in Spellcasting
   599 | D:2      | Reached skill level 1 in Evocations
   629 | D:2      | Reached XP level 4. HP: 39/41 MP: 5/5
   815 | D:2      | Reached skill level 1 in Conjurations
   815 | D:2      | Reached skill level 1 in Hexes
   815 | D:2      | Reached skill level 1 in Charms
   815 | D:2      | Reached skill level 1 in Summonings
   815 | D:2      | Reached skill level 1 in Necromancy
   815 | D:2      | Reached skill level 1 in Translocations
   815 | D:2      | Reached skill level 1 in Transmutations
   815 | D:2      | Reached skill level 1 in Fire Magic
   815 | D:2      | Reached skill level 1 in Ice Magic
   815 | D:2      | Reached skill level 1 in Air Magic
   815 | D:2      | Reached skill level 1 in Earth Magic
   815 | D:2      | Reached skill level 1 in Poison Magic
  1017 | D:3      | Noticed Sigmund
  1022 | D:3      | Killed Sigmund
  1022 | D:3      | Reached XP level 5. HP: 37/47 MP: 5/7
  1022 | D:3      | Reached XP level 6. HP: 41/53 MP: 5/8
  1291 | D:3      | Reached skill level 5 in Long Blades
  1407 | D:3      | Found a stormy altar of Qazlal.
  1712 | D:4      | Found Gyudey's Armour Boutique.
  1748 | D:4      | Reached XP level 7. HP: 30/59 MP: 10/10
  2304 | D:5      | Entered Level 5 of the Dungeon
  2674 | D:5      | Got a scorched ring mail
  2685 | D:5      | Identified the cursed +0 ring mail "Nazxuargh" {rC+} (You
                  | found it on level 5 of the Dungeon)
  3019 | D:6      | Noticed Pikel
  3112 | D:6      | Reached XP level 8. HP: 67/67 MP: 12/12
  3705 | D:6      | Killed Pikel
  4037 | D:6      | Reached XP level 9. HP: 67/72 MP: 14/14
  4110 | D:6      | Found a sparkling altar of Nemelex Xobeh.
  4112 | D:6      | Found a blossoming altar of Fedhas.
  4115 | D:6      | Found a white marble altar of Elyvilon.
  4306 | D:7      | Noticed Joseph
  4329 | D:7      | Killed Joseph
  4603 | D:7      | Found a staircase to the Ecumenical Temple.
  4612 | Temple   | Entered the Ecumenical Temple
  4646 | Temple   | Became a worshipper of Cheibriados the Contemplative
  5068 | D:7      | Reached skill level 5 in Invocations
  5217 | D:7      | Reached * piety under Cheibriados
  5239 | D:7      | Reached XP level 10. HP: 72/80 MP: 15/17
  5282 | D:7      | Found a bloodstained altar of Trog.
  5668 | D:8      | Found a shadowy altar of Dithmenos.
  5851 | D:8      | Reached skill level 5 in Short Blades
  5851 | D:8      | Reached skill level 5 in Axes
  5851 | D:8      | Reached skill level 5 in Maces & Flails
  5851 | D:8      | Reached skill level 5 in Polearms
  5851 | D:8      | Reached skill level 5 in Staves
  5851 | D:8      | Reached skill level 5 in Slings
  5851 | D:8      | Reached skill level 5 in Bows
  5851 | D:8      | Reached skill level 5 in Crossbows
  5851 | D:8      | Reached skill level 5 in Throwing
  5851 | D:8      | Reached skill level 5 in Dodging
  5851 | D:8      | Reached skill level 5 in Stealth
  5851 | D:8      | Reached skill level 5 in Unarmed Combat
  5851 | D:8      | Reached skill level 5 in Spellcasting
  5851 | D:8      | Reached skill level 5 in Evocations
  5901 | D:8      | Reached ** piety under Cheibriados
  5971 | D:8      | Noticed an ice statue
  6492 | D:9      | Noticed a +0 dagger
  6493 | D:9      | Noticed a +0 dagger
  6495 | D:9      | Found a hide-covered altar of Uskayaw.
  6794 | D:9      | Reached *** piety under Cheibriados
  6807 | D:9      | You fall through a shaft!
  6807 | D:10     | Entered Level 10 of the Dungeon
  6853 | D:10     | Found Radurr's Jewellery Boutique.
  7031 | D:10     | Noticed a two-headed ogre
  7071 | D:10     | Mangled by a two-headed ogre

Vault maps used:
D:1:      saegor_arrival_simple_d
D:2:      cheibrodos_old_hovel, first_ration, serial_bayou_lagoon_a,
          minmay_splitting_lines
D:3:      nicolae_overflow_hidden_temple, uniq_sigmund
D:4:      serial_shops, nicolae_shop_trees
D:5:      cheibrodos_helix_gallery
D:6:      kennysheep_slugbush, grunt_temple_overflow_open,
          chequers_serial_rivers_small_3, hangedman_decor_growths, uniq_pikel
D:7:      lightli_temple_of_fire, minmay_temple_entry_antechambers, the_bakery,
          uniq_joseph
D:8:      cheibrodos_frozen_isle, grunt_dithmenos_smoke
D:9:      dancing_weapons_uskayaw
D:10:     dpeg_lair_monsters, serial_shops, nicolae_shop_statue_plus,
          basic_altar
Temple:   nicolae_temple_x_marks_the_god

Skill      XL: |  1  2  3  4  5  6  7  8  9 10 |
---------------+-------------------------------+-----
Invocations    | 1 2 3 4 5 |  5.9
Short Blades   | 1 2 3 4 5 |  5.3
Axes           | 1 2 3 4 5 |  5.3
Maces & Flails | 1 2 3 4 5 |  5.3
Polearms       | 1 2 3 4 5 |  5.3
Staves         | 1 2 3 4 5 |  5.3
Slings         | 1 2 3 4 5 |  5.3
Bows           | 1 2 3 4 5 |  5.3
Crossbows      | 1 2 3 4 5 |  5.3
Throwing       | 1 2 3 4 5 |  5.3
Dodging        | 1 2 3 4 5 |  5.3
Stealth        | 1 2 3 4 5 |  5.3
Unarmed Combat | 1 2 3 4 5 |  5.3
Spellcasting   | 1 2 3 4 5 |  5.3
Evocations     | 1 2 3 4 5 |  5.3
Conjurations   | 1 2 3 4 |  4.4
Hexes          | 1 2 3 4 |  4.4
Charms         | 1 2 3 4 |  4.4
Summonings     | 1 2 3 4 |  4.4
Necromancy     | 1 2 3 4 |  4.4
Translocations | 1 2 3 4 |  4.4
Transmutations | 1 2 3 4 |  4.4
Fire Magic     | 1 2 3 4 |  4.4
Ice Magic      | 1 2 3 4 |  4.4
Air Magic      | 1 2 3 4 |  4.4
Earth Magic    | 1 2 3 4 |  4.4
Poison Magic   | 1 2 3 4 |  4.4
Long Blades    | 5 6 7 |  7.1
Fighting       | 7 8 |  8.5
Armour         | 7 8 |  8.5
Shields        | 7 8 |  8.5

Action                   |  1- 3 |  4- 6 |  7- 9 | 10-12 || total
-------------------------+-------+-------+-------+-------++-------
Melee: Long sword        |    95 |   139 |     2 |       ||   236
       Bite              |     7 |    23 |    44 |    34 ||   108
       Flail             |       |       |   249 |   188 ||   437
  Use: Potion            |       |     2 |       |     2 ||     4
 Stab: Sleeping          |       |       |     5 |     3 ||     8
  Eat: Chunk             |       |     3 |    12 |     5 ||    20
Armor: Scale mail        |    33 |    50 |    23 |       ||   106
       Ring mail         |       |       |    49 |    65 ||   114
Dodge: Dodged            |    25 |    58 |    95 |   123 ||   301
Block: Shield            |    47 |    96 |   145 |   171 ||   459
       Rpst.: Long sword |     7 |    20 |       |       ||    27

Table legend:
 A = Non-vault XP
 B = Vault XP
 C = Vault XP percentage of total XP
 D = Non-vault monster count
 E = Vault monster count
 F = Vault count percentage of total count
                 A         B        C        D         E       F
            +---------+---------+-------+---------+---------+-------
      Total |    6026 |    1561 |  20.6 |     195 |      15 |   7.1
            +---------+---------+-------+---------+---------+-------
        D:1 |      51 |       0 |   0.0 |      27 |       0 |   0.0
        D:2 |      78 |      14 |  15.2 |      36 |       1 |   2.7
        D:3 |      76 |     242 |  76.1 |      17 |       1 |   5.6
        D:4 |     208 |       0 |   0.0 |      18 |       0 |   0.0
        D:5 |     373 |      48 |  11.4 |      10 |       1 |   9.1
        D:6 |     801 |     607 |  43.1 |      14 |      10 |  41.7
        D:7 |    1841 |     650 |  26.1 |      22 |       2 |   8.3
        D:8 |    1655 |       0 |   0.0 |      33 |       0 |   0.0
        D:9 |     501 |       0 |   0.0 |      11 |       0 |   0.0
       D:10 |     442 |       0 |   0.0 |       7 |       0 |   0.0
            +---------+---------+-------+---------+---------+-------
